 Dungeon Crawl Stone Soup version 0.21.1-1-g345015f (webtiles) character file.

14 inc the Scratcher (level 2, -2/13 HPs)
             Began as a Felid Transmuter on Mar 5, 2018.
             Killed from afar by a dart slug (6 damage)
             ... with a slug dart
             ... on level 1 of the Dungeon.
             The game lasted 00:00:42 (454 turns).

inc the Scratcher (Felid Transmuter)                 Turns: 454, Time: 00:00:43

Health: -2/13      AC:  1    Str:  6    XL:     2   Next: 31%
Magic:  5/6        EV: 18    Int: 14    God:
Gold:   34         SH:  0    Dex: 16    Spells: 4/5 levels left
                                        Lives:  0   Deaths: 0

rFire    . . .     SeeInvis +     - Unarmed
rCold    . . .     Gourm    .   (shield unavailable)
rNeg     . . .     Faith    .   (armour unavailable)
rPois    .         Spirit   .   (helmet unavailable)
rElec    .         Reflect  .   (cloak unavailable)
rCorr    .         Harm     .   (gloves unavailable)
MR       .....                  (boots unavailable)
Stlth    ++........             (no amulet)
HPRegen  0.04/turn              (no ring)
MPRegen  0.10/turn              (no ring)

@: appendage (expiring), quick
A: very small, no armour, no weapons or thrown items, stealth, claws 1, fangs 3,
horns 2, see invisible, carnivore, speed 1, shaggy fur 1, slow metabolism 1,
sharp paws
a: End Transformation


You were on level 1 of the Dungeon.
You were not hungry.
You had grown temporary horns.
You visited 1 branch of the dungeon, and saw 1 of its levels.

You collected 34 gold pieces.

Inventory:

Missiles
 a - 64 arrows
Scrolls
 e - a scroll of identify {unknown}
 f - a scroll of teleportation {unknown}
Potions
 d - a potion of brilliance {unknown}
 g - a potion of lignification {unknown}
Books
 b - a book of Changes

   Spells                             Type                      Level
   a - Beastly Appendage              Transmutation                1
   b - Sticks to Snakes               Transmutation                2
   c - Spider Form                    Transmutation/Poison         3
   d - Ice Form                       Ice/Transmutation            4
   e - Blade Hands                    Transmutation                5
Comestibles
 c - a ration


   Skills:
 + Level 2.4 Fighting
 - Level 2.6 Dodging
 - Level 3.0 Unarmed Combat
 - Level 2.0 Spellcasting
 - Level 2.1 Transmutations


You had 4 spell levels left.
You knew the following spells:

 Your Spells              Type           Power        Failure   Level  Hunger
a - Beastly Appendage     Tmut           #.....       10%         1    ##.....


Dungeon Overview and Level Annotations

Branches:
Dungeon (1/15)

Altars:


Innate Abilities, Weirdness & Mutations

You cannot wear armour.
You are incapable of wielding weapons or throwing items.
Your paws allow you to move quietly. (Stealth)
You have sharp claws.
You have razor-sharp teeth.
You have supernaturally acute eyesight. (SInv)
You are carnivorous and can eat meat at any time.
You cover ground quickly.
You are covered in fur. (AC +1)
You have a slow metabolism.
Your sharp claws are effective at attacking unaware monsters.
You have a pair of horns on your head.


Message History

The ooze is moderately wounded.
The ooze hits you.
You scratch the ooze but do no damage.
The ooze is moderately wounded.
The dart slug launches a dart at you. The slug dart hits you!
The ooze misses you.
You are too injured to fight recklessly!
You are too injured to fight recklessly!
You scratch the ooze.
The ooze is heavily wounded.
Your transformation is almost over.
The ooze barely misses you. The dart slug launches a dart at you.
The slug dart misses you.
You barely miss the ooze.
You kill the ooze!
Okay, then.
The dart slug launches a dart at you. The slug dart hits you!
You die...

#..##..### #.....#.##..#
##.#.....##......##.....#.##..#
##....#..#.................###
#########......##........##
##.................#
....w............#.#
.................#.#
..............##.#.#
#@......##...###
#.......####.>.#
#.......##.....#
#.......######## #.......#
#########


You could see a dart slug.

Vanquished Creatures
  An ooze (D:1)
  A goblin (D:1)
  A hobgoblin (D:1)
  3 kobolds (D:1)
  3 bats (D:1)
  2 frilled lizards (D:1)
  A rat (D:1)
12 creatures vanquished.

Notes
Turn   | Place    | Note
-------+----------+-------------------------------------------
     0 | D:1      | inc the Felid Transmuter began the quest for the Orb.
     0 | D:1      | Reached XP level 1. HP: 9/9 MP: 4/4
   384 | D:1      | Reached XP level 2. HP: 12/13 MP: 4/6
   454 | D:1      | Killed from afar by a dart slug

Skill      XL: |  1 |
---------------+----+-----
Fighting       | 2 |  2.4
Dodging        | |  2.6
Unarmed Combat | |  3.0
Spellcasting   | |  2.0
Transmutations | |  2.1

Action                   || total
-------------------------++-------
Melee: Unarmed           ||    36
       Headbutt          ||     3
       Bite              ||     1
 Cast: Beastly Appendage ||     6
 Stab: Sleeping          ||     2
  Eat: Chunk             ||     1
Armor: Skin              ||     4
Dodge: Dodged            ||    31
